 Dungeon Crawl Stone Soup version 0.24.0-13-gcf9b319 (webtiles) character file.

Game seed: 5487632118470078187, levelgen mode: deterministic

11 Bronimir the Stinger (level 2, -1/19 HPs)
             Began as a Formicid Venom Mage on Mar 25, 2020.
             Slain by a kobold
             ... wielding a +0 whip
              (4 damage)
             ... on level 1 of the Dungeon.
             The game lasted 00:00:55 (380 turns).

Bronimir the Stinger (Formicid Venom Mage)           Turns: 380, Time: 00:00:55

Health: -1/19      AC:  2    Str: 12    XL:     2   Next: 35%
Magic:  1/5        EV: 12    Int: 14    God:
Gold:   0          SH:  0    Dex: 11    Spells: 4/5 levels left

rFire    . . .     SeeInvis +   (no weapon)
rCold    . . .     Gourm    .   (no shield)
rNeg     . . .     Faith    .   a - +0 robe
rPois    .         Spirit   .   (helmet unavailable)
rElec    .         Reflect  .   (no cloak)
rCorr    .         Harm     .   (no gloves)
MR       .....                  (no boots)
Stlth    ++........             (no amulet)
HPRegen  0.06/turn              (no ring)
MPRegen  0.09/turn              (no ring)

@: no status effects
A: permanent stasis, dig shafts and tunnels, four strong arms, antennae 3
a: Dig, Shaft Self


You were on level 1 of the Dungeon.
You were not hungry.

You visited 1 branch of the dungeon, and saw 1 of its levels.

Inventory:

Armour
 a - a +0 robe (worn)
Potions
 d - a potion of mutation {unknown}
Comestibles
 b - 2 chunks of flesh
 c - 2 rations


   Skills:
 + Level 1.8 Dodging
 - Level 2.4 Stealth
 + Level 2.2 Spellcasting
 + Level 1.2 Conjurations
 * Level 4.6 Poison Magic


You had 4 spell levels left.
You knew the following spells:

 Your Spells              Type           Power        Failure   Level  Hunger
a - Sting                 Conj/Pois      #...         7%          1    #......

Your spell library contained the following spells:

 Spells                   Type           Power        Failure   Level  Hunger
 Poisonous Vapours        Pois/Air       #.....       14%         2    ###....
 Mephitic Cloud           Conj/Pois/Air  #.......     30%         3    ###....
 Olgreb's Toxic Radiance  Pois           ##......     34%         4    #####..
 Venom Bolt               Conj/Pois      #.........   88%         5    ######.


Dungeon Overview and Level Annotations

Branches:
Dungeon (1/15)

Altars:


Innate Abilities, Weirdness & Mutations

You cannot be hasted, slowed, berserked, paralysed or teleported.
You can dig through walls and to a lower floor.
Your four strong arms can wield two-handed weapons with a shield.
You have a pair of large antennae on your head. (SInv)


Message History

You closely miss the kobold. The kobold hits you with a +0 whip.
You hit the kobold but do no damage. The kobold barely misses you.
Your magical contamination has completely faded away.
You hit the kobold but do no damage. The kobold hits you with a +0 whip.
* * * LOW HITPOINT WARNING * * *
Throwing (i - inventory)
e - a poisoned dart (quivered)
Press: ? - help, Shift-Dir - straight line, f/p - kobold
Aim: a kobold, wielding a +0 whip You throw a poisoned dart.
The poisoned dart hits the kobold.
The kobold is poisoned.
The goblin shouts!
The goblin throws a stone.
The stone hits you.
* * * LOW HITPOINT WARNING * * *
The kobold hits you but does no damage.
Firing (i - inventory) No suitable missiles.
Press: ? - help, Shift-Dir - straight line, f/p - kobold
Aim: a kobold, wielding a +0 whip (poisoned)
Okay, then.
The kobold hits you with a +0 whip.
You die...

. #### ... ####### #...
.#...###((.(.#########...
....g(((K................
..((####@.....###########
# #......# ######.# { {
#... #.... #..... #.###.


You could see a goblin and a kobold.

Vanquished Creatures
  A dart slug (D:1)
  2 leopard geckos (D:1)
  A bat (D:1)
  A goblin (D:1)
  A kobold (D:1)
  A rat (D:1)
7 creatures vanquished.

Notes
Turn   | Place    | Note
-------+----------+-------------------------------------------
     0 | D:1      | Bronimir the Formicid Venom Mage began the quest for the
                  | Orb.
     0 | D:1      | Reached XP level 1. HP: 13/13 MP: 3/3
   282 | D:1      | Reached skill level 1 in Conjurations
   282 | D:1      | Reached XP level 2. HP: 19/19 MP: 0/5
   380 | D:1      | Slain by a kobold

Levels and vault maps discovered:
D:1:      lightli_arrival_statue_moat, layout_basic

Skill      XL: |  1 |
---------------+----+-----
Conjurations   | 1 |  1.2
Dodging        | |  1.8
Stealth        | |  2.4
Spellcasting   | |  2.2
Poison Magic   | |  4.6

Action                   || total
-------------------------++-------
Melee: Unarmed           ||    17
Throw: Dart              ||     9
 Cast: Sting             ||    14
Armor: Robe              ||     3
Dodge: Dodged            ||    18
